Cogmind - Beta 13 @@@ ROGUE MODE // 2024.03.04 @ 11:56:32 Player: Kaz Result: Destroyed by G-34 Mercenary with Small Laser Performance ------------- Evolutions (0) 0 Regions Visited (1) 200 Robots Destroyed (16) 80 Value Destroyed (461) 461 Prototype IDs (0) 0 Alien Tech Used (0) 0 Bonus (0) 0 TOTAL SCORE: 741 Bonus ------- None Cogmind --------- Core Integrity 0/250 Matter 236/300 Energy 192/250 System Corruption 0% Temperature Cool (6) Movement Rolling (120) Ox2 Location -10/Materials Parts ------- > --- POWER (1) -------- Ion Engine > --- PROPULSION (2) --- Wheel Compact Wheel > --- UTILITY (2) ------ Small Storage Unit High-capacity Storage Unit > --- WEAPON (2) ------- Assault Rifle Light Cannon > --- INVENTORY (20) --- Wheel Large Storage Unit Large Storage Unit High-capacity Storage Unit High-capacity Storage Unit Particle Gun Assault Rifle Light Assault Rifle Peak State ------------ > --- POWER ------------ Ion Engine > --- PROPULSION ------- Wheel Compact Wheel > --- UTILITY ---------- Small Storage Unit High-capacity Storage Unit > --- WEAPON ----------- Assault Rifle Light Assault Rifle > --- INVENTORY -------- Wheel Large Storage Unit Large Storage Unit High-capacity Storage Unit High-capacity Storage Unit Particle Gun Assault Rifle Light Assault Rifle Light Cannon [Rating: 8] Favorites ----------- Power Ion Engine Engine Ion Engine Propulsion Compact Wheel Wheel Compact Wheel Utility Small Storage Unit Storage Small Storage Unit Protection Core Shielding Weapon Assault Rifle Ballistic Gun Assault Rifle Build | -11 -10 ------- Run | Yrd Mat Slots Evolved . | . . Power . | . . Propulsion . | . . Utility . | . . Weapon . | . . Parts Attached 16 | 6 10 Power 2 | 1 1 Engine 2 | 1 1 Core . | . . Reactor . | . . Propulsion 5 | 2 3 Treads . | . . Leg . | . . Wheel 5 | 2 3 Hover . | . . Flight . | . . Utility 5 | 1 4 Device . | . . Storage 4 | 1 3 Processor . | . . Hackware . | . . Protection 1 | . 1 Artifact . | . . Weapon 4 | 2 2 Energy Gun . | . . Energy Cannon . | . . Ballistic Gun 3 | 2 1 Ballistic Cannon 1 | . 1 Launcher . | . . Special Weapon . | . . Impact Weapon . | . . Slashing Weapon . | . . Piercing Weapon . | . . Special Melee Weapon . | . . Unidentified Prototypes . | . . Parts Lost 6 | . 6 Power 1 | . 1 Propulsion 2 | . 2 Utility 1 | . 1 Weapon 2 | . 2 Highest Loss Streak 5 | . 5 To Critical Strikes . | . . Average Slot Usage (%) 80 | . 80 Engine 8 | . 8 Wheel 21 | . 21 Storage 18 | . 18 Protection 2 | . 2 Ballistic Gun 27 | . 27 Naked Turns . | . . Heaviest Build 68 | 13 68 Greatest Support 26 | 26 26 Greatest Overweight (x) 14 | 1 14 Average Overweight (x) 1 | . 1 Largest Inventory Capacity 20 | 8 20 Average Capacity 15 | 6 16 Most Carried 11 | . 11 Average Carried 5 | . 5 Final Capacity 20 | 8 20 Final Carried 8 | . 8 Class Distribution -------------------- 100% | Mutant Dominant Class ---------------- Mutant | -10/Materials Resources | -11 -10 ----------- Run | Yrd Mat Matter Collected 549 | 260 289 Remotely . | . . Salvage Created 702 | . 702 Parts 35 | . 35 Haulers Intercepted . | . . Recyclers Shooed . | . . Parts Field Recycled . | . . Retrieved Matter . | . . Parts Self-Destructed . | . . Prevented . | . . Kills | -11 -10 ------- Run | Yrd Mat Combat Hostiles Destroyed 12 | . 12 Guns 12 | . 12 Classes Destroyed 3 | . 3 Worker 2 | . 2 Recycler 2 | . 2 Grunt 12 | . 12 Best Kill Streak 4 | . 4 Combat Bots Only 3 | . 3 Max Kills in Single Turn 1 | . 1 Gunslinging . | . . Exploded . | . . Melee . | . . Uniques/NPCs Destroyed . | . . Combat | -11 -10 -------- Run | Yrd Mat Hostile Shots Fired 79 | . 79 Missed 22 | . 22 Damage Taken 737 | . 737 Core 250 | . 250 Absorbed by Shields . | . . Redirected to Shielding 18 | . 18 Core Remaining (%) 100 | 100 . Volleys Fired 74 | . 74 Largest 2 | . 2 Hottest 40 | . 40 Shots Fired 143 | . 143 Gun 143 | . 143 Cannon . | . . Launcher . | . . Special . | . . Kinetic 143 | . 143 Thermal . | . . Explosive . | . . Electromagnetic . | . . Robot Hit Streak 8 | . 8 Robot Miss Streak 7 | . 7 Penetration Max . | . . Secondary Targets 2 | . 2 Max Gunslinging Chain 1 | . 1 Shots Hit Robots 92 | . 92 Core Hits 39 | . 39 Critical Kills . | . . Critical Parts Destroyed . | . . Critical Strikes . | . . Melee Attacks . | . . Impact . | . . Slashing . | . . Piercing . | . . Sneak Attacks . | . . Combat Hostiles . | . . Follow-up Attacks . | . . Damage Inflicted 967 | . 967 Guns 943 | . 943 Cannons . | . . Explosions . | . . Melee . | . . Ramming 24 | . 24 Kinetic 943 | . 943 Thermal . | . . Explosive . | . . Electromagnetic . | . . Impact . | . . Slashing . | . . Piercing . | . . Highest Corruption . | . . Average Corruption . | . . Corruption Purged . | . . Corruption Blocked . | . . Overload Shots . | . . Overflow Damage 4 | . 4 Projectiles . | . . Explosions . | . . Melee 4 | . 4 Knockbacks . | . . Impact . | . . Kinetic . | . . Secondary . | . . Self-Inflicted Damage 12 | . 12 Shots . | . . Rammed 1 | . 1 Targets Rammed 1 | . 1 Kicked . | . . Crushed . | . . Highest Temperature 18 | . 18 Average Temperature 6 | . 6 Received Heat Transfer 408 | . 408 Siege Activations . | . . Robots Corrupted . | . . Combat Hostiles . | . . Parts Fried . | . . Impact Corruptions 1 | . 1 Robots Melted . | . . Combat Hostiles . | . . Parts Melted . | . . Heat Transferred . | . . Parts Sabotaged . | . . Parts Stolen . | . . Parts Stripped . | . . Power Chain Reactions . | . . Alert | -11 -10 ------- Run | Yrd Mat Peak Influence 180 | . 180 Initial . | . . Average 83 | . 89 Maximum Alert Level . | . . Low Security (%) 100 | 100 100 Level 1 . | . . Level 2 . | . . Level 3 . | . . Level 4 . | . . Level 5 . | . . High Security . | . . Max Security . | . . Squads Dispatched 4 | . 4 Investigation 3 | . 3 Extermination . | . . Reinforcement 1 | . 1 Assault . | . . Garrison . | . . Intercept . | . . Searches Triggered . | . . Construction Impeded . | . . Haulers Reinforced . | . . Active Scanning Responses . | . . Cargo Convoy Interrupts . | . . Stealth | -11 -10 --------- Run | Yrd Mat Distress Signals . | . . Communications Jammed . | . . Distress Signals . | . . Times Spotted 21 | . 21 Peak Tracking Total 4 | . 4 Tactical Retreats . | . . Traps | -11 -10 ------- Run | Yrd Mat Traps Triggered 3 | . 3 Indirectly . | . . Trap Hack Attempts . | . . Triggered . | . . Disarmed . | . . Reprogrammed . | . . Reused . | . . Traps Extracted . | . . Installed . | . . Triggered . | . . Machines | -11 -10 ---------- Run | Yrd Mat Machines Disabled . | . . Max in Single Turn . | . . Machines Repaired . | . . Machines Dismantled . | . . Machines Sabotaged . | . . Overloaded Fab Kills . | . . Hacking | -11 -10 --------- Run | Yrd Mat Machines Accessed 1 | . 1 Terminals . | . . Fabricators . | . . Repair Stations . | . . Recycling Units 1 | . 1 Scanalyzers . | . . Garrison Access . | . . Total Hacks 3 | . 3 Successful 2 | . 2 Failed 1 | . 1 Catastrophic . | . . Database Lockouts . | . . Manual . | . . Terminals . | . . Fabricators . | . . Repair Stations . | . . Recycling Units 3 | . 3 Scanalyzers . | . . Garrison Access . | . . Terminal Hacks . | . . Fabricator Hacks . | . . Repair Station Hacks . | . . Recycling Unit Hacks 2 | . 2 Retrieve Components 2 | . 2 Scanalyzer . | . . Garrison Access Hacks . | . . Unauthorized Hacks . | . . Terminals . | . . Fabricators . | . . Repair Stations . | . . Recycling Units . | . . Scanalyzers . | . . Garrison Access . | . . Data Cores Recovered . | . . Used . | . . Hacking Detections 1 | . 1 Full Trace Events 1 | . 1 Feedback Events . | . . Feedback Blocked . | . . Robot Schematics Acquired . | . . Robots Built . | . . Authchips . | . . Time . | . . Total Robot Build Rating . | . . Part Schematics Acquired . | . . Parts Built . | . . Authchips . | . . Time . | . . Total Part Build Rating . | . . Parts Repaired . | . . Time . | . . Parts Recycled . | . . Recycled Matter . | . . Retrieved Matter . | . . Retrieved Components 2 | . 2 Parts Scanalyzed . | . . Part Schematics Acquired . | . . Parts Damaged . | . . Bothacking | -11 -10 ------------ Run | Yrd Mat Used RIF Installer . | . . Robots Hacked . | . . Non-combat . | . . Combat . | . . Robot Hacks Applied . | . . Relay Couplers Released . | . . Fabnet Peak Effective % . | . . Robots Rewired . | . . Allies Hacked . | . . Hacks Repelled . | . . Allies | -11 -10 -------- Run | Yrd Mat Total Allies . | . . Largest Group . | . . Highest-Rated Group . | . . Highest-Rated Ally . | . . Total Orders . | . . Ally Attacks . | . . Total Damage . | . . Kills . | . . Allies Corrupted . | . . Allies Melted . | . . Intel | -11 -10 ------- Run | Yrd Mat Robot Analysis Total . | . . Derelict Logs Recovered . | . . Drone Launches . | . . Drone Recoveries . | . . Exploration | -11 -10 ------------- Run | Yrd Mat Turns Passed 650 | 44 606 Spaces Moved 347 | 41 306 Core 8 | 4 4 Treads . | . . Legs . | . . Wheels 339 | 37 302 Hover . | . . Flight . | . . Fastest Speed 50 | 50 90 Average Speed 111 | 87 115 Slowest Speed 750 | 100 750 Overloaded Moves . | . . Propulsion Burnouts . | . . Robots Hopped . | . . Cave-ins Triggered . | . . Exploration Rate (%) 25 | 3 48 Regions Visited 1 Branch Regions . Pre-discovered Areas . | . . Known Exits Taken . | . . Unknown Exits Taken 1 | 1 . Scrap Searched . | . . Spaces Dug . | . . Terrain Destroyed . | . . Melee . | . . Projectile . | . . AOE . | . . Terrain Rammed . | . . Walls Destroyed . | . . Machines Disabled . | . . Actions | -11 -10 --------- Run | Yrd Mat Total 474 | 46 428 Wait 27 | . 27 Move 346 | 40 306 Hop . | . . Pick Up 10 | . 10 Fast Attach 9 | 6 3 Attach 4 | . 4 Detach . | . . Swap 3 | . 3 Drop . | . . Fire 74 | . 74 Melee . | . . Ram 1 | . 1 Kick . | . . Crush . | . . Escape Stasis . | . . Rewire . | . . Trap . | . . Miscellaneous . | . . Route ------- -11/Scrapyard -10/Materials (discovered 1 exit: [*Mat]) History --------- Turn | Location | Event 6 | -11/Scrapyard | Discovered new exit (range 16) 45 | -11/Scrapyard | Entered Materials 151 | -10/Materials | Discovered new exit (range 16) 318 | -10/Materials | Build established: Mutant 439 | -10/Materials | Core integrity fell below 50% 469 | -10/Materials | Lost 5 parts (1p2n1u1w) 541 | -10/Materials | Core integrity fell below 20% 651 | -10/Materials | Destroyed by G-34 Mercenary with Small Laser Last Messages --------------- 00613_ G-34 Mercenary destroyed. 00617_ K-01 Serf collects debris. 00617_ Acquired 12 matter. 00619_ Acquired 4 matter. 00620_ K-01 Serf cleans the Material Compactor. 00621_ K-01 Serf destroyed. 00622_ Acquired 4 matter. 00623_ K-01 Serf collects debris. 00625_ Acquired Wheel. 00626_ K-01 Serf collects debris. 00627_ Triggered Alarm Trap. 00627_ An alarm sounds. 00627_ ALERT: Alarm triggered, dispatching investigation squad. 00629_ K-01 Serf collects debris. 00635_ K-01 Serf destroyed. 00639_ K-01 Serf collects debris. 00643_ G-34 Mercenary destroyed. 00645_ K-01 Serf collects debris. 00647_ Lgt. Assault Rifle destroyed. 00648_ K-01 Serf collects debris. Map ----- +----------------------------------------------------+ | | | | | | | | | | | | | | | | | | | | | | | | | ??????????????????????????????????????? | | ??????????????????????????????????????? | | ??????????????????????????????????????? | | ???????????????#####??????????????????? | | ??????????????? #??????????????????? | | ??????????????? #??????????????????? | | ??????????????? #??????????????????? | | ?????########### ######?????????????? | | ?????? """ # ??? ??????????? | | ?????? """ "T" # ??? ???????????? | | ?????? """ # """ ? ""??????????? | | ?????? """ %#%k""""" """??????????? | | ?????# """ [!g% """"" """"?????????? | | ?????# """ ! @# %""""" """"?????????? | | ?????# # """ """ ?????? | | ?????# # ????? | | ?????########### ?????? | | ???????????????# """ ??????? | | ???????????????# """ ??????? | | ????############ """ ??????? | | ????# ## """ ?????? | | ????# """ # "T ?????? | | ????# """"" # """ ?????? | | ????# """"" / ????? | | ????# """"" # ????? | | ????# """ # = % #????? | | ????# ###+#############???????? | | ????# # !%= #????????????? | | ????###+####### #????????????? | | ??????# ####### #????????????? | | ??????# + """ """ #????????????? | | ??????######### """ """ #????????????? | | ?????########## """ """ #????????????? | | ?????# #+##########????????????? | | ?????# ""# #?# #######+??????? | | ?????# *=Y"# ### ?????? | | ?????# * !""#= # ??????? | | ?????# !!*%%+% # ????????? | +----------------------------------------------------+ Best States ------------- Heat Dissipation 25 Energy Generation 10 Energy Capacity 250 Matter Stores 300 Matter Capacity 300 Sight Range 16 Terrain Scan Density 10 Core Shielding 20 Evasion (%) 42 Item Schematics ----------------- None Robot Schematics ------------------ None Fabricated ------------ Nothing Alien Tech Used ----------------- None Achievements -------------- None Challenges ------------ None Game ------ Seed ChainGravityPerforator Manual? 0 Play Time 00:10:34 Cumulative 140.1 hours Start 2024.03.04 @ 10:43:59 End 2024.03.04 @ 11:56:32 Sessions 2 Manual Loads 0 Difficulty Rogue Special Mode None Game No. 91 Rogue 79 Adventurer 12 Explorer 0 Win Type - Total 1 Types 1/0/0/0/0/0/0/0/0 Lore% 19 Gallery% 37 Achievement% 30 Wizard Run 0 Options --------- Layout 1 ASCII 0 Keyboard 0 Movement Mouse Keybinds 0 Fullscreen 1 Font 32/SmallcapsGlow Map View 77x35 Zoom Use 0% Tactical HUD 1 Map Filters NONE Filters NONE Steam 1 RUN: f8a7c7e6-0f19-44da-8a5d-3a9b0cd5bf48